 Dungeon Crawl Stone Soup version 0.18.1-47-g9310371 (webtiles) character file.

8357 Scarto the Pandemonic (level 11, -4/87 HPs)
             Began as a Demonspawn Fighter on June 16, 2016.
             Was a High Priest of Makhleb.
             Slain by a hill giant
             ... wielding a +0 giant spiked club
              (32 damage)
             ... on level 11 of the Dungeon.
             The game lasted 00:19:25 (7840 turns).

Scarto the Pandemonic (Demonspawn Fighter)          Turns: 7840, Time: 00:19:26

Health: -4/87      AC: 21    Str: 20    XL:     11   Next: 8%
Magic:  17/17      EV:  4    Int: 10    God:    Makhleb [*****.]
Gold:   578        SH: 16    Dex: 12    Spells: 0 memorised, 10 levels left

rFire  + . .     SeeInvis .     a - +1 war axe
rCold  . . .     Gourm    +     d - +2 plate armour
rNeg   . . .     Faith    .     n - +0 large shield
rPois  .         Spirit   .     (helmet restricted)
rElec  .         Dismiss  .     (no cloak)
rCorr  .         Reflect  .     (no gloves)
SustAt .         Harm     .     (no boots)
MR     .....                    m - amulet of the gourmand
Stlth  ..........               c - +2 ring of protection
                                k - +4 ring of protection

@: not resistant to hostile enchantments, extremely unstealthy
A: horns 1, fire resistance 1, spiny 2, sturdy frame 1
a: Minor Destruction, Lesser Servant of Makhleb, Major Destruction, Greater
Servant of Makhleb, Renounce Religion


You were on level 11 of the Dungeon.
You worshipped Makhleb.
Makhleb was extremely pleased with you.
You were completely stuffed.

You visited 2 branches of the dungeon, and saw 12 of its levels.

You collected 578 gold pieces.

Inventory:

Hand Weapons
 a - a +1 war axe (weapon)
 i - a +2 hand crossbow of freezing
Missiles
 b - 15 tomahawks (quivered)
 s - 45 bolts
Armour
 d - a +2 plate armour (worn)
 n - a +0 large shield (worn)
Jewellery
 c - a +2 ring of protection (right hand)
 e - an uncursed ring of resist corrosion
 k - a +4 ring of protection (left hand)
 l - an uncursed ring of poison resistance
 m - an amulet of the gourmand (around neck)
 q - an uncursed ring of protection from cold
 z - an uncursed ring of protection from cold
 A - an uncursed amulet of faith
Wands
 D - a wand of iceblast (3/15)
Scrolls
 u - a scroll of remove curse
 w - 2 scrolls of magic mapping
 y - 4 scrolls of teleportation
Potions
 h - 3 potions of curing
 p - 2 potions of flight
 r - 4 potions of invisibility
 v - a potion of haste
 x - 3 potions of might
 C - 2 potions of resistance
 E - a potion of brilliance {unknown}
Books
 F - a book of Power

   Spells                             Type                      Level
   a - Fulminant Prism                Conjuration/Hexes            4
   b - Iskenderun's Mystic Blast      Conjuration                  4
   c - Venom Bolt                     Conjuration/Poison           5
   d - Bolt of Magma                  Conjuration/Fire/Earth       5
   e - Iron Shot                      Conjuration/Earth            6
   f - Orb of Destruction             Conjuration                  7
   g - Spellforged Servitor           Conjuration/Summoning        7
 G - a book of Summonings

   Spells                             Type                      Level
   a - Recall                         Summoning/Translocation      3
   b - Aura of Abjuration             Summoning                    5
   c - Summon Demon                   Summoning                    5
   d - Summon Forest                  Summoning/Translocation      5
   e - Summon Mana Viper              Hexes/Summoning              5
   f - Shadow Creatures               Summoning                    6
Comestibles
 f - 6 bread rations
 g - 4 beef jerkies
 j - 3 meat rations
 o - 9 royal jellies
 t - 12 fruits
 B - a slice of pizza


   Skills:
 + Level 8.3 Fighting
 + Level 7.5 Axes
 + Level 8.0 Armour
 + Level 7.5 Shields
 + Level 9.1 Invocations


You had 10 spell levels left.
You didn't know any spells.

Dungeon Overview and Level Annotations

Branches:
Dungeon (11/15)            Temple (1/1) D:5             Orc (0/2) D:10
   Lair: D:8-11

Altars:
Ashenzari
Cheibriados
Dithmenos
Elyvilon
Fedhas
Gozag
Kikubaaqudgha
Makhleb
Nemelex Xobeh
Okawaru
Pakellas
Qazlal
Ru
Sif Muna
Trog
Vehumet
Xom
Yredelemnul
Zin
The Shining One

Shops:
D:11 =


Innate Abilities, Weirdness & Mutations

You have a pair of small horns on your head.
Your flesh is heat resistant.
You are mostly covered in sharp spines.
Your movements are slightly less encumbered by armour (ER -2).


Message History

You headbutt the skeletal warrior, but do no damage.
The skeletal warrior is moderately damaged.
You hit the hill giant.
The hill giant is lightly wounded.
The skeletal warrior is struck by your spines.
The skeletal warrior hits you but does no damage.
The hill giant hits you with a giant spiked club!!
You block the skeletal warrior's attack.
You are too injured to fight recklessly!
Unknown command.
Drink which item? (? for menu, Esc to quit)
You feel better.
The hill giant is struck by your spines.
The hill giant hits you with a giant spiked club!
* * * LOW HITPOINT WARNING * * *
The skeletal warrior barely misses you.
You see here a scorpion corpse.
You block the hill giant's attack.
The hill giant hits you with a giant spiked club!!
You die...

#############
#........>∩(#
###.########..##
###..............######
.......†..#####.......#
###.#.###.#
#...###.###### ###.#.#
#.#####...#........#
......#
#.......@.....####.#
###.#.#
#######..C....###
#.#..) .........z...#
#<#..... #.###.#....#.#
###.########
#.#..S...###### )...#
#....#........# ##.##
#>...#......#.# #.#
#.....#......#?# #.#
#.#......#..!#.#


You could see a skeletal warrior, a hill giant and an adder.

Vanquished Creatures
  An unseen horror (D:10)
  The ghost of mindo the Thaumaturge, a novice DECj of Vehumet (D:6)
  A komodo dragon (D:10)
  3 trolls
  4 yaks (D:10)
  A hippogriff (D:11)
  3 hungry ghosts
  Menkaure (D:7)
  A mottled dragon (D:11)
  Edmund (D:5)
  A water moccasin (D:6)
  A soldier ant (D:8)
  8 orc warriors
  A necrophage (D:6)
  A black bear (D:8)
  4 ice beasts
  3 ogres
  5 phantoms
  2 wasps (D:8)
  A big kobold (D:6)
  12 giant frogs
  2 scorpions
  A troll zombie (D:10)
  9 killer bees
  3 wights (D:9)
  A howler monkey (D:8)
  3 crimson imps
  6 orc wizards
  A gnoll shaman (D:5)
  4 orc priests
  4 hounds
  5 jellies
  A giant frog skeleton (D:11)
  Jessica (D:3)
  An iguana (D:4)
  5 worker ants
  7 ogre zombies (D:10)
  A hound zombie (D:9)
  A hound skeleton (D:7)
  5 gnolls (D:5)
  6 adders
  2 shadow imps
  An ooze (D:3)
  An adder zombie (D:7)
  3 worms
  A dart slug (D:4)
  5 giant geckos
  38 orcs
  3 ball pythons
  3 bats
  4 giant cockroaches
  4 goblins
  7 hobgoblins
  9 jackals
  5 quokkas
  A giant gecko zombie (D:5)
  6 giant newts
  2 goblin skeletons (D:10)
  7 goblin zombies (D:10)
  A hobgoblin skeleton (D:10)
  2 hobgoblin zombies (D:10)
  15 kobolds
  3 orc skeletons (D:10)
  10 orc zombies (D:10)
  8 rats
  A fungus (D:9)
265 creatures vanquished.

Vanquished Creatures (others)
  2 fungi (D:9)
2 creatures vanquished.

Grand Total: 267 creatures vanquished

Notes
Turn   | Place    | Note
--------------------------------------------------------------
     0 | D:1      | Scarto the Demonspawn Fighter began the quest for the Orb.
     0 | D:1      | Reached XP level 1. HP: 18/18 MP: 1/1
   206 | D:1      | Gained mutation: You have a pair of small horns on your head. [demonic ancestry]
   206 | D:1      | Reached XP level 2. HP: 21/24 MP: 2/2
  1032 | D:2      | Found a radiant altar of Vehumet.
  1049 | D:2      | Gained mutation: Your flesh is heat resistant. [demonic ancestry]
  1049 | D:2      | Reached XP level 3. HP: 29/29 MP: 3/3
  1361 | D:3      | Found a shimmering altar of Xom.
  1373 | D:3      | Gained mutation: You are partially covered in sharp spines. [demonic ancestry]
  1373 | D:3      | Reached XP level 4. HP: 32/35 MP: 4/4
  1777 | D:3      | Noticed Jessica
  1784 | D:3      | Found a deep blue altar of Sif Muna.
  1788 | D:3      | Killed Jessica
  2364 | D:4      | Reached XP level 5. HP: 41/42 MP: 5/5
  2424 | D:4      | Noticed a phantom
  2444 | D:4      | Killed a phantom
  2444 | D:4      | Gained mutation: Your movements are slightly less encumbered by armour (ER -2). [demonic ancestry]
  2444 | D:4      | Reached XP level 6. HP: 49/49 MP: 6/6
  2888 | D:5      | Entered Level 5 of the Dungeon
  2895 | D:5      | Noticed Edmund
  2902 | D:5      | Killed Edmund
  2904 | D:5      | Found a staircase to the Ecumenical Temple.
  2917 | Temple   | Entered the Ecumenical Temple
  2964 | Temple   | Became a worshipper of Makhleb the Destroyer
  3047 | D:5      | Reached skill level 1 in Invocations
  3082 | D:5      | Reached XP level 7. HP: 51/55 MP: 6/8
  3563 | D:5      | Reached skill level 2 in Invocations
  3625 | D:6      | Noticed mindo's ghost (novice DECj)
  3631 | D:6      | Reached skill level 5 in Fighting
  3643 | D:6      | Killed mindo's ghost
  3643 | D:6      | Reached skill level 3 in Invocations
  3643 | D:6      | Gained mutation: You are mostly covered in sharp spines. [demonic ancestry]
  3643 | D:6      | Reached XP level 8. HP: 42/63 MP: 8/10
  3780 | D:6      | Reached skill level 5 in Shields
  3787 | D:6      | Reached skill level 5 in Armour
  3882 | D:6      | Reached * piety under Makhleb
  3882 | D:6      | Reached skill level 4 in Invocations
  3894 | D:6      | Reached skill level 5 in Axes
  4098 | D:6      | Found a blossoming altar of Fedhas.
  4099 | D:6      | Found a sacrificial altar of Ru.
  4103 | D:6      | Found an iron altar of Okawaru.
  4137 | D:6      | Found a shattered altar of Ashenzari.
  4305 | D:6      | Reached skill level 5 in Invocations
  4518 | D:7      | Reached XP level 9. HP: 69/69 MP: 12/12
  4558 | D:7      | Reached ** piety under Makhleb
  4600 | D:7      | Noticed Menkaure
  4613 | D:7      | Killed Menkaure
  5298 | D:8      | Reached skill level 6 in Invocations
  6116 | D:9      | Found a blossoming altar of Fedhas.
  6126 | D:9      | Reached skill level 7 in Invocations
  6167 | D:9      | Reached XP level 10. HP: 77/79 MP: 15/15
  6243 | D:9      | Found a bloodstained altar of Trog.
  6323 | D:9      | Found a sparkling altar of Nemelex Xobeh.
  6426 | D:9      | Reached *** piety under Makhleb
  6546 | D:10     | Entered Level 10 of the Dungeon
  6655 | D:10     | Found a staircase to the Orcish Mines.
  6696 | D:10     | Reached **** piety under Makhleb
  6778 | D:10     | Reached skill level 8 in Invocations
  6842 | D:10     | Found an opulent altar of Gozag.
  7005 | D:10     | Killed an unseen horror
  7157 | D:10     | Reached ***** piety under Makhleb
  7443 | D:10     | Reached skill level 9 in Invocations
  7595 | D:10     | Reached XP level 11. HP: 62/86 MP: 17/17
  7766 | D:11     | Found Ysicsant's Jewellery Shoppe.
  7805 | D:11     | Noticed a skeletal warrior
  7817 | D:11     | Noticed a hill giant
  7840 | D:11     | Slain by a hill giant

Skill      XL: |  1  2  3  4  5  6  7  8  9 10 11 |
---------------+----------------------------------+-----
Axes           | 2 3 4 5 6 7 |  7.5
Shields        | 3 4 5 6 7 |  7.5
Armour         | 3 4 5 6 7 8 |  8.0
Fighting       | 4 5 6 7 8 |  8.3
Invocations    | 1 3 5 7 9 |  9.1

Action                   |  1- 3 |  4- 6 |  7- 9 | 10-12 || total
-------------------------+-------+-------+-------+-------++-------
Melee: War axe           |   123 |    81 |   212 |   299 ||   715
       Headbutt          |    15 |    18 |    47 |    72 ||   152
 Fire: Hand crossbow     |       |       |     9 |       ||     9
  Use: Scroll            |     6 |     3 |    12 |     4 ||    25
       Potion            |       |     1 |     6 |     1 ||     8
 Stab: Distracted        |       |       |     1 |       ||     1
  Eat: Chunk             |     2 |     5 |    26 |    17 ||    50
Armor: Scale mail        |    29 |       |       |       ||    29
       Chain mail        |    41 |    24 |    19 |       ||    84
       Plate armour      |       |       |    88 |   150 ||   238
Dodge: Dodged            |    20 |     6 |    14 |    33 ||    73
Block: Shield            |    77 |     9 |       |       ||    86
       Large shield      |       |    42 |   180 |   234 ||   456
